 Dungeon Crawl Stone Soup version 0.30.1-11-g7821555f0a (webtiles) character file.

Game seed: 6227434793502250010

1478 technautist the Conjurer (level 8, 0/60 HPs)
             Began as a Gnoll Conjurer on Nov 8, 2023.
             Succumbed to a killer bee's poison
             ... on level 6 of the Dungeon.
             The game lasted 00:18:41 (5962 turns).

technautist the Conjurer (Gnoll Conjurer)           Turns: 5962, Time: 00:18:41

Health: 0/60       AC:  2    Str:  7    XL:     8   Next: 79%
Magic:  12/17      EV: 14    Int: 19    God:
Gold:   311        SH:  0    Dex: 11    Spells: 16/19 levels left

rFire   . . .        g - +5 woodcutter's axe
rCold   . . .        (shield currently unavailable)
rNeg    . . .        a - +0 robe
rPois   .            (no helmet)
rElec   .            (no cloak)
rCorr   .            (no gloves)
SInv    .            (no boots)
Will    .....        (no amulet)
Stlth   +++          (no ring)
HPRegen 0.30/turn    (no ring)
MPRegen 0.15/turn

%: no passive effects
@: lethally poisoned (0 -> -8)
A: fangs 1, strong nose, distributed training
a: no special abilities


You were on level 6 of the Dungeon.
You visited 1 branch of the dungeon, and saw 6 of its levels.

You collected 311 gold pieces.

Inventory:

Hand Weapons
 f - a +4 trident of venom
 g - the +5 woodcutter's axe (weapon)
   (You found it on level 2 of the Dungeon)
Armour
 a - a +0 robe (worn)
Jewellery
 e - a ring of willpower
 k - a ring of see invisible
 r - a ring of fire
Scrolls
 c - 9 scrolls of identify {unknown}
 i - a scroll of silence {unknown}
 l - a scroll of immolation {unknown}
 m - a scroll of enchant armour {unknown}
 n - a scroll of noise {unknown}
Potions
 b - a potion of magic
 d - 3 potions of flight {unknown}
 h - a potion of invisibility {unknown}
 j - 3 potions of resistance {unknown}
 o - a potion of brilliance {unknown}
 p - a potion of degeneration {unknown}
 q - a potion of haste {unknown}
 s - a potion of curing {unknown}


   Skills:
 + Level 3.7 Fighting
 + Level 3.7 Short Blades
 + Level 3.7 Long Blades
 + Level 3.7 Axes
 + Level 3.7 Maces & Flails
 + Level 3.7 Polearms
 + Level 3.7 Staves
 + Level 3.7 Ranged Weapons
 + Level 3.7 Throwing
 + Level 3.7 Armour
 + Level 6.0 Dodging
 + Level 5.6 Stealth
 + Level 3.7 Shields
 + Level 3.7 Unarmed Combat
 + Level 6.3 Spellcasting
 + Level 7.8 Conjurations
 + Level 3.0 Hexes
 + Level 3.0 Summonings
 + Level 3.0 Necromancy
 + Level 3.0 Translocations
 + Level 3.0 Transmutations
 + Level 3.0 Fire Magic
 + Level 3.0 Ice Magic
 + Level 3.0 Air Magic
 + Level 3.0 Earth Magic
 + Level 3.0 Poison Magic
 + Level 4.1 Invocations
 + Level 3.7 Evocations


You had 16 spell levels left.
You knew the following spells:

 Your Spells              Type           Power      Damage    Failure   Level
a - Magic Dart            Conj           100%       1d8       1%          1
b - Searing Ray           Conj           70%        2d7       1%          2

Your spell library contained the following spells:

 Spells                   Type           Power      Damage    Failure   Level
 Dazzling Flash           Conj/Hex       52%        N/A       3%          3
 Call Imp                 Summ           34%        N/A       4%          2
 Mephitic Cloud           Conj/Pois/Air  23%        N/A       4%          3
 Fulminant Prism          Conj/Hex       13%        3d9       12%         4
 Iskenderun's Mystic Bla  Conj/Tloc      26%        2d7       12%         4
 Cause Fear               Hex            8%         N/A       30%         4
 Irradiate                Conj/Tmut      13%        3d16      32%         5
 Blade Hands              Tmut           8%         N/A       65%         5
 Dragon Form              Tmut           8%         N/A       100%        7
 Dragon's Call            Summ           8%         N/A       100%        9


Dungeon Overview and Level Annotations

Branches:
Dungeon (6/15)
 Temple: D:4-7

Altars:
Hepliaklqana
Qazlal
The Shining One

Shops:
D:3 [


Innate Abilities, Weirdness & Mutations

You have very sharp teeth.
Your uncanny sense of smell can sniff out nearby items.
Your experience applies equally to all skills.


Message History

You are more poisoned.
The killer bee poisons you! The killer bee barely misses you.
An iguana comes into view.
The searing ray hits the killer bee.
The killer bee is severely wounded.
You feel very sick. The killer bee stings you.
You are more poisoned.
The killer bee poisons you! The killer bee barely misses you.
The searing ray hits the killer bee.
The killer bee is almost dead.
You feel very sick. The killer bee stings you.
* * * LOW HITPOINT WARNING * * *
You are lethally poisoned!
The killer bee poisons you! The killer bee closely misses you.
You hit the killer bee but do no damage.
Your bite misses the killer bee.
The killer bee is almost dead.
* * * LOW HITPOINT WARNING * * *
You feel very sick.
The killer bee stings you but does no damage.
The killer bee misses you.
You miss the killer bee.
You bite the killer bee, but do no damage.
The killer bee is almost dead.
* * * LOW HITPOINT WARNING * * *
You feel very sick. The killer bee closely misses you.
The killer bee barely misses you.
You miss the killer bee.
The killer bee is almost dead.
* * * LOW HITPOINT WARNING * * *
You feel very sick. The killer bee closely misses you.
The killer bee misses you.
You slash the killer bee!
You kill the killer bee!
* * * LOW HITPOINT WARNING * * *
You feel very sick.
Your Dodging skill increases to level 6!
You die...

.........#...#...........P~~
...#...................#~~♣
..............##.##)..#.P♣
.#.###............+.....~♣♣
...............#.##...PPP~♣
.#.###...#.....#.##...P.~♣♣
...............#.##..<..P~♣~
##.##.........#....#.#...~~~P
..........†...l.@..'......~PP
.........#.#..#....#.#.#.....
.........#.#..#....###.#.....
...#.....#.#..#......... ....
.........#.#..###....#.## ...
.........#.#..# #....#.. ...
y.............. +......
...y........... #......


You could see an iguana.

Vanquished Creatures
  Sigmund (D:2)
  An ice beast (D:5)
  2 centaurs (D:5)
  A gnoll sergeant (D:2)
  5 scorpions
  3 killer bees (D:6)
  A howler monkey (D:5)
  A hound (D:5)
  A jelly (D:5)
  6 iguanas
  2 orc wizards
  2 sleepcaps
  6 adders
  2 gnolls (D:2)
  A white imp (D:5)
  3 ufetubi
  2 worms
  A dart slug (D:2)
  12 orcs
  9 endoplasms
  8 giant cockroaches
  8 goblins
  9 hobgoblins
  4 quokkas
  6 ball pythons
  4 bats
  5 frilled lizards
  7 kobolds
  4 rats
117 creatures vanquished.

Notes
Turn   | Place    | Note
-------+----------+-------------------------------------------
     0 | D:1      | technautist the Gnoll Conjurer began the quest for the Orb.
     0 | D:1      | Reached XP level 1. HP: 13/13 MP: 6/6
   159 | D:1      | Found a faded altar of an unknown god.
   175 | D:1      | Reached XP level 2. HP: 19/19 MP: 5/7
   602 | D:1      | Reached skill level 5 in Spellcasting
   602 | D:1      | Reached XP level 3. HP: 25/25 MP: 1/9
  1394 | D:2      | Noticed Sigmund
  1403 | D:2      | Learned a level 2 spell: Searing Ray
  1466 | D:2      | Killed Sigmund
  1467 | D:2      | Reached skill level 1 in Fighting
  1467 | D:2      | Reached skill level 1 in Short Blades
  1467 | D:2      | Reached skill level 1 in Long Blades
  1467 | D:2      | Reached skill level 1 in Axes
  1467 | D:2      | Reached skill level 1 in Maces & Flails
  1467 | D:2      | Reached skill level 1 in Polearms
  1467 | D:2      | Reached skill level 1 in Staves
  1467 | D:2      | Reached skill level 1 in Ranged Weapons
  1467 | D:2      | Reached skill level 1 in Throwing
  1467 | D:2      | Reached skill level 1 in Armour
  1467 | D:2      | Reached skill level 1 in Shields
  1467 | D:2      | Reached skill level 1 in Unarmed Combat
  1467 | D:2      | Reached skill level 1 in Hexes
  1467 | D:2      | Reached skill level 1 in Summonings
  1467 | D:2      | Reached skill level 1 in Necromancy
  1467 | D:2      | Reached skill level 1 in Translocations
  1467 | D:2      | Reached skill level 1 in Transmutations
  1467 | D:2      | Reached skill level 1 in Fire Magic
  1467 | D:2      | Reached skill level 1 in Ice Magic
  1467 | D:2      | Reached skill level 1 in Air Magic
  1467 | D:2      | Reached skill level 1 in Earth Magic
  1467 | D:2      | Reached skill level 1 in Poison Magic
  1467 | D:2      | Reached skill level 1 in Invocations
  1467 | D:2      | Reached skill level 1 in Evocations
  1467 | D:2      | Reached XP level 4. HP: 6/33 MP: 1/11
  1467 | D:2      | Reached XP level 5. HP: 7/38 MP: 1/12
  1962 | D:2      | Found the +5 woodcutter's axe
  1971 | D:2      | Reached skill level 5 in Dodging
  1971 | D:2      | Reached XP level 6. HP: 19/44 MP: 4/14
  2733 | D:3      | Found Ackyres's Antique Armour Shop.
  2752 | D:3      | Found a hazy altar of Hepliaklqana.
  3072 | D:3      | You fall into a shaft and drop 1 floor!
  4067 | D:4      | Reached XP level 7. HP: 50/50 MP: 9/15
  4404 | D:5      | Entered Level 5 of the Dungeon
  4462 | D:5      | Reached skill level 5 in Stealth
  4586 | D:5      | Reached XP level 8. HP: 31/58 MP: 2/16
  4887 | D:5      | Found a glowing golden altar of the Shining One.
  4974 | D:5      | Found a stormy altar of Qazlal.
  5961 | D:6      | HP: 1/60 [poisoned by a killer bee]
  5962 | D:6      | Succumbed to a killer bee's poison

Illustrated notes

Levels and vault maps discovered:
D:1:      reono_arrival_forest_river, layout_basic,
          ebering_ecumenical_altar_rust, serial_forest,
          infiniplex_forest_lined_corner, infiniplex_forest_end_2,
          infiniplex_forest_lined_3, infiniplex_forest_fountain,
          infiniplex_forest_straight_2, infiniplex_forest_lined_corner,
          infiniplex_forest_clump_double, infiniplex_forest_end_3,
          infiniplex_forest_lined_2, minmay_fountain_box
D:2:      layout_basic, pf_guarded_unrand_woodcutter, uniq_sigmund
D:3:      layout_basic, nicolae_hepliaklqana_hazy_memory, serial_shops,
          nicolae_shop_hallway_stairs
D:4:      layout_rooms
D:5:      layout_basic, tso_oasis_becter, general_overflow_altar
D:6:      layout_basic, temple_doors_e, gammafunk_ghost_smash, serial_bayou,
          serial_bayou_pond_a, serial_bayou_pond_a, serial_bayou_pond_c,
          serial_bayou_pond_c, uniq_edmund

Skill      XL: |  1  2  3  4  5  6  7  8 |
---------------+-------------------------+-----
Spellcasting   | 5 6 |  6.3
Fighting       | 1 2 3 |  3.7
Short Blades   | 1 2 3 |  3.7
Long Blades    | 1 2 3 |  3.7
Axes           | 1 2 3 |  3.7
Maces & Flails | 1 2 3 |  3.7
Polearms       | 1 2 3 |  3.7
Staves         | 1 2 3 |  3.7
Ranged Weapons | 1 2 3 |  3.7
Throwing       | 1 2 3 |  3.7
Armour         | 1 2 3 |  3.7
Shields        | 1 2 3 |  3.7
Unarmed Combat | 1 2 3 |  3.7
Hexes          | 1 2 3 |  3.0
Summonings     | 1 2 3 |  3.0
Necromancy     | 1 2 3 |  3.0
Translocations | 1 2 3 |  3.0
Transmutations | 1 2 3 |  3.0
Fire Magic     | 1 2 3 |  3.0
Ice Magic      | 1 2 3 |  3.0
Air Magic      | 1 2 3 |  3.0
Earth Magic    | 1 2 3 |  3.0
Poison Magic   | 1 2 3 |  3.0
Invocations    | 1 2 3 4 |  4.1
Evocations     | 1 2 3 |  3.7
Dodging        | 5 6 |  6.0
Stealth        | 5 |  5.6
Conjurations   | |  7.8

Action                     |  1- 3 |  4- 6 |  7- 9 || total
---------------------------+-------+-------+-------++-------
  Melee: Battleaxe         |       |    16 |    40 ||    56
         Bite              |       |       |     3 ||     3
   Cast: Magic Dart        |    46 |    69 |    34 ||   149
         Searing Ray       |     3 |    10 |    28 ||    41
   Stab: Sleeping          |       |     1 |       ||     1
 Armour: Robe              |       |     2 |     9 ||    11
  Dodge: Dodged            |    14 |    13 |    65 ||    92
